Cogmind - Beta 17 @@@ ROGUE MODE // 2026.08.21 @ 01:39:44 Player: KURIIRI Result: Self-destructed Performance ------------- Evolutions (4) 2000 Regions Visited (7) 1400 Robots Destroyed (64) 320 Value Destroyed (1789) 1789 Prototype IDs (26) 520 Alien Tech Used (0) 0 Bonus (628) 628 TOTAL SCORE: 6657 Bonus ------- High Alert Combat Kills 28 Follower Combat Kills 553 Registered with UFD 300 Met Optimus in HQ 500 Friendly Fire -753 Cogmind --------- Core Integrity 672/850 Matter 178/300 Energy 160/160 System Corruption 4% Temperature Cool (0) Movement Hovering (58) Location -6/Factory Parts ------- > --- POWER (1) -------- Light Fission Core > --- PROPULSION (4) --- Combat Airjet Gravmag Array Improved Antigrav System > --- UTILITY (8) ------ Enhanced Optical Array Advanced Sensor Array Advanced Signal Interpreter Cloaking Device Advanced Powered Armor Hacking Suite Hacking Suite Improved Hacking Suite > --- WEAPON (2) ------- Cooled Plasma Cannon Power Maul > --- INVENTORY (5) ---- Improved Antigrav System Improved Hacking Suite Remote Datajack Multitool Peak State ------------ > --- POWER ------------ Antimatter Reactor > --- PROPULSION ------- Gravmag Array Improved Antigrav System Improved Antigrav System > --- UTILITY ---------- Enhanced Optical Array Advanced Sensor Array Advanced Signal Interpreter Cloaking Device Advanced Powered Armor Hacking Suite Hacking Suite Improved Hacking Suite > --- WEAPON ----------- Cooled Plasma Cannon Power Maul > --- INVENTORY -------- Gravmag System Combat Airjet Advanced Sensor Array Layered Medium Armor Plating Multitool [Rating: 82] Favorites ----------- Power Subdweller Power Source Engine Subdweller Power Source Power Core Light Fission Core Reactor Antimatter Reactor Propulsion Light Treads Treads Light Treads Leg Aluminum Leg Wheel Compact Wheel Hover Unit Improved Antigrav System Flight Unit Cesium-ion Thruster Utility Hacking Suite Device Advanced Sensor Array Storage High-capacity Storage Unit Processor Enhanced Optical Array Hackware Hacking Suite Protection Makeshift Light Armor Plating Weapon Powered Cannon Energy Gun Medium Laser Energy Cannon Powered Cannon Ballistic Gun Heavy Machine Gun Ballistic Cannon Slug Cannon Launcher Tiamat Missile Launcher Special Weapon Multitool Impact Weapon Power Maul Slashing Weapon Centrium Greatsword Special Melee Weapon Improved Datajack Build | -11 -10 -10 -9 -9 -6 -6 -6 ------- Run | Yrd Mat Sub Rec Scr Fac Was Fac Slots Evolved 8 | . . . . . 8 . . Power . | . . . . . . . . Propulsion 2 | . . . . . 2 . . Utility 6 | . . . . . 6 . . Weapon . | . . . . . . . . Parts Attached 63 | 3 . 12 1 7 20 11 9 Power 4 | . . 2 . . . 1 1 Engine 2 | . . 2 . . . . . Core 1 | . . . . . . . 1 Reactor 1 | . . . . . . 1 . Propulsion 17 | 2 . 2 1 3 5 1 3 Treads 5 | 2 . 1 1 1 . . . Leg . | . . . . . . . . Wheel 2 | . . 1 . 1 . . . Hover 7 | . . . . . 3 1 3 Flight 3 | . . . . 1 2 . . Utility 28 | 1 . 4 . 3 12 6 2 Device 10 | 1 . 1 . 1 4 3 . Storage 1 | . . 1 . . . . . Processor 5 | . . . . 1 3 . 1 Hackware 5 | . . . . 1 4 . . Protection 7 | . . 2 . . 1 3 1 Artifact . | . . . . . . . . Weapon 14 | . . 4 . 1 3 3 3 Energy Gun 2 | . . 2 . . . . . Energy Cannon 2 | . . 1 . . . . 1 Ballistic Gun 1 | . . 1 . . . . . Ballistic Cannon 1 | . . . . . . 1 . Launcher 2 | . . . . . 1 . 1 Special Weapon 2 | . . . . . . 1 1 Impact Weapon 1 | . . . . . 1 . . Slashing Weapon 2 | . . . . 1 . 1 . Piercing Weapon . | . . . . . . . . Special Melee Weapon 1 | . . . . . 1 . . Unidentified Prototypes 3 | . . . . 1 . . 2 Corrupted Parts 1 | . . . . 1 . . . System Corruption 1 | . . . . 1 . . . Parts Lost 10 | . . 3 . . 6 . 1 Power 1 | . . . . . 1 . . Propulsion 3 | . . 1 . . 2 . . Utility 2 | . . 1 . . 1 . . Weapon 4 | . . 1 . . 2 . 1 Highest Loss Streak 4 | . . 2 . . 4 . 1 To Critical Strikes . | . . . . . . . . Average Backups 5 | 5 4 6 15 4 4 4 4 Power . | 1 1 . 1 . . . . Propulsion 1 | 3 2 1 4 1 . 2 1 Utility 1 | . . 1 4 1 1 1 1 Weapon 1 | 1 1 2 3 . 1 . . Tool/Special . | . . . . . . . . Unused Backups 28 | 6 . 7 . 10 1 . 4 Power 4 | 1 . 2 . 1 . . . Propulsion 7 | 2 . 2 . 2 . . 1 Utility 8 | 1 . . . 4 . . 3 Weapon 9 | 2 . 3 . 3 1 . . Tool/Special . | . . . . . . . . Average Slot Usage (%) 85 | . 100 80 87 86 84 80 92 Engine 12 | . 14 23 25 12 . . . Core 3 | . . . . 6 5 . 4 Treads 6 | . 28 15 12 4 . . . Wheel 5 | . . 9 12 6 . . . Hover 4 | . . . . . 10 20 20 Flight 7 | . . . . 15 8 . . Device 8 | . 14 3 . 10 14 12 12 Storage 4 | . 14 6 12 3 . . . Processor 3 | . . . . . 15 13 13 Hackware 4 | . . . . . 14 20 20 Protection 6 | . . 6 12 7 1 3 6 Energy Cannon 6 | . . 9 12 5 . . 5 Ballistic Gun 1 | . 14 2 . 1 . . . Launcher 2 | . . . . 6 . . . Impact Weapon 1 | . . . . . 4 3 5 Slashing Weapon 1 | . . . . 3 1 2 . Peak Build Rating 82 | 7 7 28 29 42 74 77 82 Average Rating 39 | 6 7 21 28 33 62 67 78 On Entrance 29 | 6 7 7 28 29 30 60 72 Avg Prop Armor Cover (%) 9 | . . 7 10 9 9 19 . Naked Turns . | . . . . . . . . Heaviest Build 65 | 13 13 65 65 65 23 36 44 Greatest Support 44 | 40 40 40 16 20 44 44 44 Greatest Overweight (x) 7 | . . 4 4 6 2 7 . Average Overweight (x) 1 | . . 1 4 2 . . . Largest Inventory Capacity 20 | 8 8 20 20 20 5 5 5 Average Capacity 8 | 8 8 9 20 9 5 5 5 Most Carried 18 | 6 6 13 18 18 5 5 5 Average Carried 6 | 5 4 6 16 5 4 4 4 Final Capacity 20 | 8 8 20 20 5 5 5 5 Final Carried 18 | 4 6 13 18 4 4 5 4 Transmogrified Parts 31 | . . . . 31 . . . Integrity Recovered 280 | . . . . 280 . . . Class Distribution -------------------- 60% | Mutant 20% | Hacker-Ninja 14% | Scavenger-Mutant Dominant Class ---------------- Mutant | -10/Materials Scavenger-Mutant | -10/Subcaves Mutant | -9/Recycling Mutant | -9/Scraptown Hacker-Ninja | -6/Factory Hacker-Ninja | -6/Waste Hacker-Ninja | -6/Factory Resources | -11 -10 -10 -9 -9 -6 -6 -6 ----------- Run | Yrd Mat Sub Rec Scr Fac Was Fac Matter Collected 1292 | 229 . 156 20 50 197 412 228 Remotely . | . . . . . . . . Salvage Created 2899 | 101 . 818 661 . 454 344 521 Parts 144 | 5 . 54 35 . 20 5 25 Haulers Intercepted 1 | . . . . . 1 . . Recyclers Shooed 1 | . . . 1 . . . . Parts Field Recycled . | . . . . . . . . Retrieved Matter . | . . . . . . . . Parts Self-Destructed 24 | . . 24 . . . . . Prevented . | . . . . . . . . Parts Restored . | . . . . . . . . Kills | -11 -10 -10 -9 -9 -6 -6 -6 ------- Run | Yrd Mat Sub Rec Scr Fac Was Fac Combat Hostiles Destroyed 41 | . . 17 4 . 8 . 12 Melee 1 | . . . . . . . 1 Guns 4 | . . 4 . . . . . Cannons 20 | . . 10 4 . . . 6 AOE 12 | . . . . . 8 . 4 Classes Destroyed 14 | 2 . 4 1 . 6 1 . Worker 4 | . . . . . 1 . 3 Builder 2 | . . . 1 . 1 . . Tunneler 3 | 1 . . . . 2 . . Hauler 1 | . . . . . 1 . . Recycler 6 | 1 . . 4 . 1 . . Operator 1 | . . . . . 1 . . Watcher 5 | . . . . . 3 . 2 Swarmer 16 | . . 3 . . 6 . 7 Grunt 3 | . . . . . 1 . 2 Sentry 6 | . . 1 4 . . . 1 Programmer 3 | . . . . . 1 . 2 Artisan 2 | . . 2 . . . . . Subdweller 13 | . . 13 . . . . . Martyr 1 | . . . . . . 1 . Best Kill Streak 5 | 2 . 3 5 . 5 . 4 Combat Bots Only 5 | . . 3 1 . 5 . 4 Max Kills in Single Turn 3 | 1 . 1 1 . 3 1 3 Gunslinging . | . . . . . . . . Exploded 3 | . . . . . 3 . 3 Melee 1 | . . . . . . . 1 Uniques/NPCs Destroyed . | . . . . . . . . Combat | -11 -10 -10 -9 -9 -6 -6 -6 -------- Run | Yrd Mat Sub Rec Scr Fac Was Fac Hostile Shots Fired 222 | . . 92 . . 91 1 38 Missed 83 | . . 31 . . 35 1 16 Hits 139 | . . 61 . . 56 . 22 Projectile 139 | . . 61 . . 56 . 22 AOE 1 | . . . . . . . 1 Critical Strikes 6 | . . 1 . . 3 . 2 Damage Taken 2384 | . . 1110 . . 633 . 641 Core 291 | . . 113 . . 141 . 37 Absorbed by Shields 15 | . . . . . 15 . . Regen/Repaired (Parts) 349 | . . . . . . . 349 Core Remaining (%) 77 | 100 . . . 54 . . . Volleys Fired 192 | 5 . 108 18 . 12 . 49 Largest 2 | 2 . 2 1 . 1 . 1 Hottest 105 | 60 . 90 40 . 43 . 105 Shots Fired 212 | 10 . 121 18 . 12 . 51 Gun 57 | 10 . 47 . . . . . Cannon 139 | . . 74 18 . . . 47 Launcher 14 | . . . . . 12 . 2 Special 2 | . . . . . . . 2 Kinetic 23 | 5 . 18 . . . . . Thermal 173 | 5 . 103 18 . . . 47 Explosive 12 | . . . . . 12 . . Electromagnetic 2 | . . . . . . . 2 Robot Hit Streak 15 | 5 . 15 15 . 3 . 7 Robot Miss Streak 5 | 1 . 3 5 . 2 . 2 Penetration Max . | . . . . . . . . Secondary Targets . | . . . . . . . . Shots Hit Robots 152 | 7 . 70 8 . 21 12 34 Core Hits 68 | 3 . 22 8 . 18 2 15 Critical Kills 5 | . . 4 . . 1 . . Critical Parts Destroyed 2 | . . . . . . 2 . Critical Strikes 11 | . . 6 . . 1 4 . Burn 2 | . . 2 . . . . . Meltdown 4 | . . 4 . . . . . Smash 3 | . . . . . 1 2 . Sever 2 | . . . . . . 2 . Melee Attacks 66 | . . . . . 27 12 27 Impact 51 | . . . . . 19 5 27 Slashing 13 | . . . . . 6 7 . Piercing . | . . . . . . . . Sneak Attacks 11 | . . . . . 7 3 1 Combat Hostiles . | . . . . . . . . Follow-up Attacks 1 | . . . . . . 1 . Damage Inflicted 7396 | 62 . 2338 551 . 2160 685 1600 Guns 586 | 62 . 524 . . . . . Cannons 3462 | . . 1814 551 . . . 1097 Explosions 1378 | . . . . . 1205 . 173 Melee 1970 | . . . . . 955 685 330 Ramming . | . . . . . . . . Kinetic 281 | 29 . 252 . . . . . Thermal 3767 | 33 . 2086 551 . . . 1097 Explosive 1263 | . . . . . 1205 . 58 Electromagnetic 115 | . . . . . . . 115 Impact 1447 | . . . . . 702 415 330 Slashing 523 | . . . . . 253 270 . Piercing . | . . . . . . . . Highest Corruption 4 | . . . . 1 3 3 4 Average Corruption 3 | . . . . 1 2 3 3 Corruption Purged . | . . . . . . . . Corruption Blocked . | . . . . . . . . Effects 44 | . . . . . . 10 34 Message Errors 12 | . . . . . . 3 9 Matter Fused 9 | . . . . . . 4 5 Heat Flow Errors 5 | . . . . . . 1 4 Energy Discharges 7 | . . . . . . 1 6 Parts Rejected 1 | . . . . . . . 1 Data Loss (minor) 3 | . . . . . . . 3 Data Loss (major) 3 | . . . . . . 1 2 Misfires 3 | . . . . . . . 3 Weapon Failures 1 | . . . . . . . 1 Overload Shots 2 | . . . . . . . 2 Overflow Damage 1231 | . . 127 37 . 407 276 384 Projectiles 296 | . . 127 37 . . . 132 Explosions 98 | . . . . . 19 . 79 Melee 837 | . . . . . 388 276 173 Knockbacks 9 | . . . . . 3 5 1 Impact 9 | . . . . . 3 5 1 Kinetic . | . . . . . . . . Secondary . | . . . . . . . . Self-Inflicted Damage 128 | . . . . . . . 128 Shots 3 | . . . . . . . 3 Rammed . | . . . . . . . . Targets Rammed . | . . . . . . . . Kicked . | . . . . . . . . Crushed . | . . . . . . . . Highest Temperature 269 | 20 . 8 136 . 30 94 269 Average Temperature 46 | 15 . 2 51 . 16 61 88 Received Heat Transfer 348 | . . 144 . . 120 . 84 Effects 1 | . . . . . . . 1 Energy Bleed 1 | . . . . . . . 1 Siege Activations . | . . . . . . . . Martial Activations . | . . . . . . . . Shielding Activations . | . . . . . . . . Robots Disrupted . | . . . . . . . . Combat Hostiles . | . . . . . . . . Robots Corrupted 7 | . . . . . 3 3 1 Combat Hostiles . | . . . . . . . . Parts Fried 7 | . . . . . 1 2 4 Impact Corruptions 25 | . . . . . 12 6 7 Robots Melted 5 | . . 4 . . . . 1 Combat Hostiles 5 | . . 4 . . . . 1 Parts Melted 10 | . . 5 . . . . 5 Heat Transferred 2437 | 75 . 852 . . . . 1510 Parts Sabotaged . | . . . . . . . . Parts Stolen . | . . . . . . . . Parts Stripped . | . . . . . . . . Power Chain Reactions . | . . . . . . . . Alert | -11 -10 -10 -9 -9 -6 -6 -6 ------- Run | Yrd Mat Sub Rec Scr Fac Was Fac Maximum Alert Level 2 | . . . . . . . 2 Low Security (%) 84 | 100 100 . 100 . 100 100 59 Level 1 7 | . . . . . . . 18 Level 2 8 | . . . . . . . 21 Level 3 . | . . . . . . . . Level 4 . | . . . . . . . . Level 5 . | . . . . . . . . High Security . | . . . . . . . . Max Security . | . . . . . . . . Peak Influence 611 | 10 . . 44 . 176 58 611 Initial 58 | . . . . . . 58 . Average 104 | 2 . . 10 . 32 9 239 Influence Increases 2382 | 10 . 140 249 . 617 40 1326 Destroy 0b10 Robot/C 980 | . . 80 80 . 260 20 540 Destroy 0b10 Robot/NC 135 | 10 . . 30 . 60 . 35 Destroy Leader 162 | . . . . . 58 . 104 Allied During Kill 494 | . . . . . 24 20 450 Successful Hack 77 | . . . 13 . 33 . 31 Select Force Hacks 120 | . . . 120 . . . . Disable Machine 60 | . . . . . 30 . 30 Destroy Structure 129 | . . . 6 . 77 . 46 Lose Combat Pursuer 225 | . . 60 . . 75 . 90 Influence Decreases 2160 | 10 . 140 249 . 451 206 1104 Entered New Map 108 | . . . . . . 108 . Time Decay 1292 | 10 . 140 249 . 291 98 504 Lost Part 70 | . . . . . 60 . 10 Lost Ally 390 | . . . . . 100 . 290 Purge Threat 300 | . . . . . . . 300 Squads Dispatched 19 | . . . . . 10 . 9 Investigation 9 | . . . . . 6 . 3 Extermination 6 | . . . . . 2 . 4 Reinforcement 3 | . . . . . 2 . 1 Assault 1 | . . . . . . . 1 Garrison . | . . . . . . . . Intercept . | . . . . . . . . Searches Triggered . | . . . . . . . . Construction Impeded . | . . . . . . . . Haulers Reinforced 1 | . . . . . 1 . . Active Scanning Responses . | . . . . . . . . Cargo Convoy Interrupts . | . . . . . . . . Stealth | -11 -10 -10 -9 -9 -6 -6 -6 --------- Run | Yrd Mat Sub Rec Scr Fac Was Fac Distress Signals . | . . . . . . . . Communications Jammed . | . . . . . . . . Distress Signals . | . . . . . . . . Times Spotted 75 | . . 22 1 . 21 1 30 Peak Tracking Total 6 | . . 5 . . 6 . 5 Tactical Retreats 8 | . . 2 . . 2 . 4 Traps | -11 -10 -10 -9 -9 -6 -6 -6 ------- Run | Yrd Mat Sub Rec Scr Fac Was Fac Traps Triggered 11 | . . 1 . . 5 . 5 Indirectly . | . . . . . . . . Trap Hack Attempts . | . . . . . . . . Triggered . | . . . . . . . . Disarmed . | . . . . . . . . Reprogrammed . | . . . . . . . . Reused . | . . . . . . . . Traps Extracted . | . . . . . . . . Installed . | . . . . . . . . Triggered . | . . . . . . . . Machines | -11 -10 -10 -9 -9 -6 -6 -6 ---------- Run | Yrd Mat Sub Rec Scr Fac Was Fac Machines Disabled 5 | . . 1 . . 2 . 2 Max in Single Turn 1 | . . 1 . . 1 . 1 Garrison Access 2 | . . . . . 1 . 1 Machines Repaired . | . . . . . . . . Machines Dismantled . | . . . . . . . . Machines Sabotaged . | . . . . . . . . Overloaded Fab Kills . | . . . . . . . . Hacking | -11 -10 -10 -9 -9 -6 -6 -6 --------- Run | Yrd Mat Sub Rec Scr Fac Was Fac Machines Accessed 40 | . . 2 10 3 9 . 16 Terminals 15 | . . . 5 . 3 . 7 Fabricators 4 | . . . . . 2 . 2 Repair Stations 3 | . . . . . . . 3 Recycling Units 10 | . . . 5 . 2 . 3 Scanalyzers 1 | . . . . . 1 . . Garrison Access 2 | . . . . . 1 . 1 Total Hacks 94 | . . 6 20 6 27 . 35 Successful 63 | . . 6 6 6 19 . 26 Failed 31 | . . . 14 . 8 . 9 Catastrophic 1 | . . . 1 . . . . Database Lockouts . | . . . . . . . . Manual 48 | . . . 21 . 12 . 15 Terminals 44 | . . . 13 . 10 . 21 Fabricators 9 | . . . . . 6 . 3 Repair Stations 7 | . . . . . . . 7 Recycling Units 12 | . . . 7 . 2 . 3 Scanalyzers 7 | . . . . . 7 . . Garrison Access 3 | . . . . . 2 . 1 Terminal Hacks 28 | . . 6 2 6 2 . 12 Record 11 | . . 5 . 6 . . . Part Schematic 5 | . . . 1 . 1 . 3 Robot Analysis 3 | . . . 1 . . . 2 Terminal Index 1 | . . . . . . . 1 Alert Level 2 | . . . . . . . 2 Unreport Threat 2 | . . . . . . . 2 Locate Traps 1 | . . . . . 1 . . Recall Reinforcements 1 | . . . . . . . 1 Registered Components 1 | . . . . . . . 1 Proto ID Catalog 1 | . . 1 . . . . . Fabricator Hacks 5 | . . . . . 4 . 1 Network Status 2 | . . . . . 1 . 1 Load Schematic 1 | . . . . . 1 . . Build 2 | . . . . . 2 . . Repair Station Hacks 6 | . . . . . . . 6 Scan Component 3 | . . . . . . . 3 Repair 3 | . . . . . . . 3 Recycling Unit Hacks . | . . . . . . . . Scanalyzer 6 | . . . . . 6 . . Insert Component 1 | . . . . . 1 . . Analyze 2 | . . . . . 2 . . Retrieve Study 3 | . . . . . 3 . . Garrison Access Hacks 2 | . . . . . 1 . 1 Seal Access 2 | . . . . . 1 . 1 Unauthorized Hacks 16 | . . . 4 . 6 . 6 Terminals 6 | . . . . . 3 . 3 Botnet 4 | . . . . . 2 . 2 Operators 2 | . . . . . 1 . 1 Fabricators 1 | . . . . . 1 . . Prioritize 1 | . . . . . 1 . . Repair Stations . | . . . . . . . . Recycling Units 9 | . . . 4 . 2 . 3 Tunnel 4 | . . . 4 . . . . Fedlink 4 | . . . . . 1 . 3 Scrapoids 1 | . . . . . 1 . . Scanalyzers . | . . . . . . . . Garrison Access . | . . . . . . . . Data Cores Recovered . | . . . . . . . . Used . | . . . . . . . . Hacking Detections 21 | . . . 5 . 5 . 11 Full Trace Events 6 | . . . 2 . 4 . . Feedback Events . | . . . . . . . . Feedback Blocked . | . . . . . . . . Robot Schematics Acquired . | . . . . . . . . Robots Built . | . . . . . . . . Authchips . | . . . . . . . . Time . | . . . . . . . . Total Robot Build Rating . | . . . . . . . . Part Schematics Acquired 6 | . . . 1 . 2 . 3 Parts Built 3 | . . . . . 3 . . Authchips . | . . . . . . . . Time 86 | . . . . . 86 . . Total Part Build Rating 19 | . . . . . 19 . . Part Studies Acquired 3 | . . . . . 3 . . Parts Repaired 3 | . . . . . . . 3 Time 207 | . . . . . . . 207 Parts Recycled . | . . . . . . . . Recycled Matter . | . . . . . . . . Retrieved Matter . | . . . . . . . . Retrieved Components . | . . . . . . . . Parts Scanalyzed 1 | . . . . . 1 . . Part Schematics Acquired 1 | . . . . . 1 . . Parts Damaged . | . . . . . . . . Bothacking | -11 -10 -10 -9 -9 -6 -6 -6 ------------ Run | Yrd Mat Sub Rec Scr Fac Was Fac Used RIF Installer . | . . . . . . . . Robots Hacked 3 | . . . . . 2 . 1 Non-combat 2 | . . . . . 2 . . Combat . | . . . . . . . . Robot Hacks Applied 2 | . . . . . 2 . . parse_system 1 | . . . . . 1 . . find_chute 1 | . . . . . 1 . . Manual 1 | . . . . . . . 1 Relay Couplers Released . | . . . . . . . . Fabnet Peak Effective % . | . . . . . . . . Robots Rewired . | . . . . . . . . Allies Hacked . | . . . . . . . . Hacks Repelled . | . . . . . . . . Allies | -11 -10 -10 -9 -9 -6 -6 -6 -------- Run | Yrd Mat Sub Rec Scr Fac Was Fac Total Allies 26 | . . . . . 5 20 1 Largest Group 20 | . . . . . 5 20 19 Highest-Rated Group 777 | . . . . . 132 777 724 Highest-Rated Ally 50 | . . . . . 28 50 47 Initial UFD Resources 29 | . . . . . 22 29 29 Total Orders 1 | . . . . . 1 . . STAY 1 | . . . . . 1 . . Ally Attacks 196 | . . . . . 64 5 127 Total Damage 3593 | . . . . . 966 131 2496 Kills 25 | . . . . . 7 1 17 Allies Corrupted 2 | . . . . . . 1 1 Allies Melted . | . . . . . . . . Intel | -11 -10 -10 -9 -9 -6 -6 -6 ------- Run | Yrd Mat Sub Rec Scr Fac Was Fac Active Infowar (turns) 4400 | 22 75 327 . 959 816 600 1601 Optics 3117 | . . . . 100 816 600 1601 Sensors 2489 | . . . . . 728 232 1529 Seismic 424 | 22 75 327 . . . . . Triangulation 375 | . . . . 375 . . . Cloaking 2188 | . . . . . 504 207 1477 Jamming 461 | . . . . 461 . . . ECM 23 | . . . . 23 . . . Robot Analysis Total 3 | . . . 1 . . . 2 Derelict Logs Recovered 7 | . . 2 . 5 . . . Drone Launches . | . . . . . . . . Drone Recoveries . | . . . . . . . . Exploration | -11 -10 -10 -9 -9 -6 -6 -6 ------------- Run | Yrd Mat Sub Rec Scr Fac Was Fac Turns Passed 11852 | 49 75 2962 934 4815 816 600 1601 Spaces Moved 9611 | 25 46 1840 549 3325 1035 646 2145 Core 69 | . . . . 20 . 49 . Treads 358 | 4 46 288 . 20 . . . Legs 21 | 21 . . . . . . . Wheels 3259 | . . 1552 549 1158 . . . Hover 3071 | . . . . . 329 597 2145 Flight 2833 | . . . . 2127 706 . . Fastest Speed 31 | 120 160 100 160 42 31 52 48 Average Speed 103 | 126 160 136 160 134 39 64 52 Slowest Speed 400 | 160 160 160 160 350 182 400 58 Overloaded Moves . | . . . . . . . . Propulsion Burnouts . | . . . . . . . . Robots Hopped . | . . . . . . . . Potential Cave-ins 2 | . . . . . . . 2 Cave-ins Triggered . | . . . . . . . . Exploration Rate (%) 60 | 3 8 89 94 84 38 96 74 Regions Visited 7 Branch Regions 3 Pre-discovered Areas 8 | . . 3 4 . . . 1 Known Exits Taken . | . . . . . . . . Unknown Exits Taken 5 | 1 1 1 1 1 . . . Scrap Searched 13 | . . 5 . 8 . . . Spaces Dug 41 | . . 7 1 . 10 . 23 Terrain Destroyed 186 | . . 19 6 . 99 . 62 Melee 31 | . . . . . 10 . 21 Projectile 37 | . . 19 6 . . . 12 AOE 118 | . . . . . 89 . 29 Terrain Rammed . | . . . . . . . . Walls Destroyed . | . . . . . . . . Machines Disabled . | . . . . . . . . Actions | -11 -10 -10 -9 -9 -6 -6 -6 --------- Run | Yrd Mat Sub Rec Scr Fac Was Fac Total 11237 | 34 48 2189 590 3680 1384 806 2506 Wait 1076 | . 1 182 19 331 206 114 223 Move 9605 | 24 45 1839 548 3324 1035 645 2145 Hop . | . . . . . . . . Pick Up 55 | . 2 23 4 5 9 4 8 Fast Attach 42 | 1 . 7 . 5 12 9 8 Attach 22 | 2 . 2 . 2 9 6 1 Detach 6 | . . . . . 3 3 . Swap 29 | . . 5 1 1 3 1 18 Drop 60 | 2 . 16 . 12 10 9 11 Fire 192 | 5 . 108 18 . 12 . 49 Melee 65 | . . . . . 27 11 27 Ram . | . . . . . . . . Kick . | . . . . . . . . Crush . | . . . . . . . . Escape Stasis 71 | . . . . . 58 . 13 Rewire 4 | . . . . . . 4 . Trap . | . . . . . . . . Miscellaneous 10 | . . 7 . . . . 3 Route ------- -11/Scrapyard -10/Materials -10/Subcaves (discovered 3 exits: [*Mat x2] / *Rec) -9/Recycling (discovered 2 exits: [*Fac] / *Scr) -9/Scraptown (discovered 2 exits: *Fac x2) -6/Factory (discovered 2 exits: Fac / Low) -6/Waste -6/Factory (discovered 6 exits: *Fac x4 / *Low x2) History --------- Turn | Location | Event 16 | -11/Scrapyard | Discovered new exit (range 3) 50 | -11/Scrapyard | Entered Materials 120 | -10/Materials | Discovered new exit (range 4) 125 | -10/Materials | Entered Subcaves 191 | -10/Subcaves | Shifting Twisted Machinery released Sub. Optics 223 | -10/Subcaves | Ambushed by Subdwellers from Twisted Machinery 311 | -10/Subcaves | Build established: Mutant 612 | -10/Subcaves | Visited 4L-MR0's lab 627 | -10/Subcaves | Found Powered Cannon 628 | -10/Subcaves | Attached Powered Cannon, gained temporary slot: Power 818 | -10/Subcaves | Discovered new exit (range 11) 905 | -10/Subcaves | Learned location of Zion (-7) 917 | -10/Subcaves | Met a Zionite searching for "candidates" 1163 | -10/Subcaves | Build established: Scavenger-Mutant 1598 | -10/Subcaves | Ambushed by angry Subdweller bent on revenge 1666 | -10/Subcaves | Visited Clippyterm 1670 | -10/Subcaves | Learned location of Deep Caves (-7) 1670 | -10/Subcaves | Learned Factory garrison access intel 2112 | -10/Subcaves | Discovered new exit (range 8) 2118 | -10/Subcaves | Shifting Twisted Machinery released Sub. Power Source 2119 | -10/Subcaves | Shifting Twisted Machinery released Sub. Machine Gun 2168 | -10/Subcaves | A swath of the cavern ceiling suddenly collapsed 2196 | -10/Subcaves | Shifting Twisted Machinery released Sub. Optics 2247 | -10/Subcaves | Shifting Twisted Machinery released Mak. Light Armor Plating 2438 | -10/Subcaves | Disturbed a concealed Subdweller 2735 | -10/Subcaves | Found Prototype Device 2873 | -10/Subcaves | Build established: Mutant 3084 | -10/Subcaves | Discovered new exit (range 3) 3087 | -10/Subcaves | Entered Recycling 3088 | -9/Recycling | Met a Zionite searching for Scraptown 3438 | -9/Recycling | Scanned before Scraplab entrance 3490 | -9/Recycling | Discovered new exit (range 9) 4007 | -9/Recycling | Entered Scraplab 4020 | -9/Recycling | Discovered new exit (range 2) 4021 | -9/Recycling | Entered Scraptown 4130 | -9/Scraptown | Heard Great Nut preacher, LISTEN AND RECITE! 4210 | -9/Scraptown | Visited TADAMA 4276 | -9/Scraptown | Visited Symbiants 4535 | -9/Scraptown | Discovered new exit (range 11) 4612 | -9/Scraptown | Scanned Subdweller tech in exchange for log data 4615 | -9/Scraptown | Learned location of 1 exit from Factory 4617 | -9/Scraptown | Learned Factory terminal intel 4618 | -9/Scraptown | Learned Research terminal intel 4620 | -9/Scraptown | Learned Research emergency access door positions 4655 | -9/Scraptown | Visited Spacefarers 4677 | -9/Scraptown | Visited Cyclists 4729 | -9/Scraptown | Visited UFD Registry 4729 | -9/Scraptown | Registered with UFD as "Bulletcutter" 4749 | -9/Scraptown | Visited SPCMW 4786 | -9/Scraptown | Visited Assassins FH 4836 | -9/Scraptown | Entered Cyclist Reading Room 4932 | -9/Scraptown | Visited A0-MCA Data Center 4941 | -9/Scraptown | Given a C rating by A0-MCA 4972 | -9/Scraptown | Visited Sword Containment 4994 | -9/Scraptown | Visited Junk Cannon Lab 5037 | -9/Scraptown | Delivered Scrap Shield to a Scientist 5111 | -9/Scraptown | Visited Junk Repository 5151 | -9/Scraptown | Visited Scrapoid Pod Storage 5172 | -9/Scraptown | Visited Scrap Suit Storage 5189 | -9/Scraptown | Visited Observation Area 5215 | -9/Scraptown | Visited Chapter 10 5241 | -9/Scraptown | Visited DA-N13 Charitable Foundation 5247 | -9/Scraptown | Found DCF Scrap (30 items) 5287 | -9/Scraptown | Visited Abandonware Association 5303 | -9/Scraptown | Learned abandonware demo "HACKBUD.EXE" 5638 | -9/Scraptown | System corruption cleaned by C-Scrubber 5760 | -9/Scraptown | Identified Sfc. Transmogrifier 8812 | -9/Scraptown | Met Optimus 8812 | -9/Scraptown | Accepted into 0bPrime 8834 | -9/Scraptown | Discovered new exit (range 3) 8836 | -9/Scraptown | Entered Factory 8836 | -6/Factory | Evolved 8 slots: Propulsion x2, Utility x6 8837 | -6/Factory | Identified exit to Lower Caves 8838 | -6/Factory | Identified exit to Factory 8839 | -6/Factory | Loaded intel: 26 terminal locations 8840 | -6/Factory | Loaded intel: 2 garrison access locations 8974 | -6/Factory | Scrapoid reinforcements arrived 9231 | -6/Factory | Fabricated Imp. Antigrav System (x2) 9271 | -6/Factory | Loaded intel: 7 recycling unit locations 9328 | -6/Factory | Fabricated Imp. Hacking Suite (x1) 9480 | -6/Factory | Build established: Hacker-Ninja 9652 | -6/Factory | Manually triggered Chute Trap 9652 | -6/Factory | Sucked down chute 9652 | -6/Factory | Entered Waste 9653 | -6/Waste | Joined by Warlord forces that had cleared the area 9666 | -6/Waste | Found Broken Adv. Powered Armor 9674 | -6/Waste | Lost 4 parts (1p1u2w) 9957 | -6/Waste | Murdered 4 allies 9966 | -6/Waste | Discovered new exit (range 21) 10195 | -6/Waste | Identified exit to Factory 10252 | -6/Waste | Entered Factory 10252 | -6/Factory | Accompanied by 19 allies 10277 | -6/Factory | Loaded intel: 8 recycling unit locations 10277 | -6/Factory | Learned location of Protoforge (-2) 10330 | -6/Factory | Discovered exit to Lower Caves (range 15) 10353 | -6/Factory | Repaired Imp. Antigrav System? 10357 | -6/Factory | Repaired Broken Adv. Powered Armor? 10476 | -6/Factory | Lost 3 allies 10490 | -6/Factory | Discovered exit to Factory (range 6) 10587 | -6/Factory | Lost 3 allies 10777 | -6/Factory | Discovered exit to Factory (range 10) 10918 | -6/Factory | Discovered exit to Lower Caves (range 11) 10952 | -6/Factory | First assault squad dispatched 10982 | -6/Factory | Repaired Adv. Sensor Array? 11055 | -6/Factory | Spotted B-75 Beast 11082 | -6/Factory | Lost 4 allies 11412 | -6/Factory | Discovered exit to Factory (range 12) 11432 | -6/Factory | Discovered exit to Factory (range 9) 11853 | -6/Factory | Self-destructed Last Messages --------------- within the floor. 11760_ Adv. Powered Armor severed. 11760_ Cld. Plasma Cannon severed. 11761_ Acquired Adv. Powered Armor. 11762_ K-01 Serf cleans the TF Node. 11762_ U-05 Engineer lays Concrete. 11763_ Acquired Cld. Plasma Cannon. 11764_ U-05 Engineer lays Concrete. 11764_ P-60 Hacker destroyed. 11767_ Acquired 41 matter. 11774_ System corrupted: Component data lost. 11807_ System corrupted: Substantial component data lost. 11809_ ALERT: Potential suspicious activity detected, Programmers report to Factory Zone 4G. 11810_ K-01 Serf cleans the Assembly Bed. 11814_ Connecting with Terminal... 11819_ U-05 Engineer builds a Wall. 11820_ K-01 Serf cleans the Assembly Bed. Map ----- +----------------------------------------------------+ | # ##! # # ## !!! # | | ! # ## """ """ # # """ """ ## !!! # | | # ## """ """ # # """ """ ## !! # | | ?+ ## """%""" # # """ """ ## # | | ???# ## # # ## # | | ???# ########+##### # ? ## # | | #### #### #? [? ## ### | | #? ?? #"########?? | | #### ########?#####"###??????? | | ######+####### ##???????# #"######## | | #??# # ######### | | """"""""" #### """ # " " | | + """ # ######### | | """"""""" # """ k### #???????# #######+## | | # ""# #???????### ###????????? | | ###########+# """ ""# #?????????# #??????????? | | + """ # """ F"# #?????????# #??????????? | | #### """ # """ ""# #?????????# #??????????? | | #??# """ + ### #?????????# #??????????? | | #??# # #?# #?????????# #??????????? | | #??# # #?# #?????????# #??????????? | | #??#] ######### #?# #?????????# #??????????? | | #??################+#?# #???####### ########### | | # #?????????# #?# #???# R | | # #?????????#! ### ###?# | | # #?????????# # @ #?# | | # #?????????# ] # #?# | | # #?????????# !! # #?# | | # #?????????# !* + #?# | | # #?????????# !* # #?# | | # #?????????# # #?# | | # #?????????########### ### # | | # #??????????????????# ! | | # #??????????????????# | | # #??????????????????# T """ """ """ """ | | # #????????????????### """ """ """ """ | | # #????????????????#"" """ """ """ """ | | # #????????????????#" | | # #????????????????#"F """ """ """ """ """ ????? | | # #??#########?????#"" """ """ """ """ """ #???? | | # #??# """" #???### """ """ """ """ """ #???? | | # #??# ! ""R" #?????# #???? | | # #??# "" " #?????# #???? | | # #??# #?????# #######+#####?# #???? | | # #??# """ """ ??????# #?????????????# #???? | | # #### """ """ #?????# #?????????????# #???? | | + / """ """ #?????# #?????????????# #???? | | # #### #?????# #?????????????# #???? | | # #??#################### ####?????????????# #???? | | # #???????????# ?# #???????????###### ##?## | +----------------------------------------------------+ Best States ------------- Heat Dissipation 37 Coolant Potential 50 Energy Generation 22 Energy Capacity 365 Matter Stores 300 Matter Capacity 300 Sight Range 22 Robot Scan Range 16 Terrain Scan Density 10 ECM Strength 2 Jamming Range 12 Cloak Strength 2 Additional Mass Support 6 Armor Coverage 800 Propulsion Shielding 66 Evasion (%) 73 Melee Accuracy 8 Recoil Reduction 2 Offensive Hacking 32 Defensive Hacking 10 Authchip Count 2 Item Schematics ----------------- Hcp. Storage Unit | -9/Recycling | Hacked Multitool | -6/Factory | Scanalyzed Imp. Hacking Suite | -6/Factory | Hacked Adv. Hacking Suite | -6/Factory | Hacked Imp. Gravmag System | -6/Factory | Hacked Hyp. Gauss Cannon | -6/Factory | Hacked Robot Schematics ------------------ None Fabricated ------------ Imp. Antigrav System | x2 | -6/Factory | Preloaded Imp. Hacking Suite | x1 | -6/Factory Repaired ---------- Imp. Antigrav System | 16% | -6/Factory Adv. Powered Armor | 7% | -6/Factory | Broken Adv. Sensor Array | 16% | -6/Factory Studied --------- VTOL Module | -6/Factory | Hacked Lgt. Fission Core | -6/Factory | Hacked Chainsword | -6/Factory | Hacked Alien Tech Used ----------------- None Achievements -------------- None Challenges ------------ None Game ------ Seed SubdwellerPlexusKit Manual? 0 Play Time 01:18:40 Cumulative 643.2 hours Start 2026.08.20 @ 00:34:05 End 2026.08.21 @ 01:39:44 Sessions 9 Manual Loads 0 Difficulty Rogue Special Mode None Game No. 569 Rogue 533 Adventurer 36 Explorer 0 Win Type - Total 8 Types 2/2/0/1/1/0/0/2/0/0 Lore% 85 Gallery% 74 Achievement% 68 Wizard Run 0 Options --------- Layout 2 ASCII 0 Keyboard 0 Movement Numpad Keybinds 0 Fullscreen 1 Font 48/Smallcaps Map View 50x44 Zoom Use 0% Tactical HUD 1 Map Filters NONE Filters NONE Steam 1 RUN: 6244e6e4-eeb0-40af-b0b1-fd9e1d5cb585